[Event "ICC tourney 2004 (25 5)"]
[Site "Internet Chess Club"]
[Date "2020.09.13"]
[Round "4"]
[White "MrNormalName"]
[Black "OctopusYule"]
[Result "1-0"]
[ICCResult "Black resigns"]
[WhiteElo "2203"]
[BlackElo "1864"]
[Opening "Catalan: closed, 5.Nf3"]
[ECO "E06"]
[NIC "CA.05"]
[Time "16:02:21"]
[TimeControl "1500+5"]

1. d4 Nf6 2. c4 e6 3. g3 d5 4. Bg2 Be7 5. Nf3 O-O 6. O-O dxc4 7. Qc2 a6 8.
a4 Bd7 9. Qxc4 Bc6 10. Bf4 Nd5 11. Bd2 Nb6 12. Qc2 N8d7 13. a5 Nd5 14. e4
N5f6 15. Nc3 h6 16. Rfd1 b6 17. Bf4 Bb7 18. Qe2 bxa5 19. Nd2 Qc8 20. Nc4 c5
21. d5 exd5 22. exd5 Re8 23. Qc2 Nh5 24. Be3 Bf8 25. Nxa5 Ne5 26. Na4 Qc7
27. Nxc5 Bxc5 28. Qxc5 Qxc5 29. Bxc5 Rab8 30. Bd6 Nd7 31. Bxb8 Rxb8 32. Bh3
Nhf6 33. Bxd7 Nxd7 34. Nxb7 Rxb7 35. Rxa6 Rxb2 36. Ra8+ Kh7 37. Ra7 Ne5 38.
d6 Ng4 39. d7 Nxf2 40. d8=Q Nh3+ 41. Kf1 {Black resigns} 1-0

[Event "ICC tourney 2004 (25 5)"]
[Site "Internet Chess Club"]
[Date "2020.09.13"]
[Round "4"]
[White "vyomvidy"]
[Black "tedchen"]
[Result "0-1"]
[ICCResult "White resigns"]
[WhiteElo "2302"]
[BlackElo "2375"]
[Opening "Dunst (Sleipner, Heinrichsen) opening"]
[ECO "A00"]
[NIC "VO.15"]
[Time "16:01:28"]
[TimeControl "1500+5"]

1. Nc3 Nf6 2. d4 d6 3. Bf4 g6 4. e4 Bg7 5. Qd2 O-O 6. O-O-O c6 7. Bh6 b5 8.
f3 Qa5 9. Kb1 Bxh6 10. Qxh6 Be6 11. d5 cxd5 12. exd5 Bf5 13. Bxb5 Rc8 14.
Nge2 Bxc2+ 15. Kxc2 Qxb5 16. Kb1 Qc4 17. Rd4 Qa6 18. h4 Nbd7 19. h5 Nxh5 20.
Ng3 Nhf6 21. Ka1 Nc5 22. Rb4 Rab8 23. Rxb8 Rxb8 24. Qe3 Qb6 25. Qd2 a5 26.
Nge4 Ncxe4 27. fxe4 h5 28. Rb1 Qb4 29. Qe3 Ng4 30. Qg5 Rb7 31. a3 Qb3 32.
Ne2 Ne3 33. Nd4 Qd3 34. Re1 Qxd4 {White resigns} 0-1

[Event "ICC tourney 2004 (25 5)"]
[Site "Internet Chess Club"]
[Date "2020.09.13"]
[Round "4"]
[White "chesslin"]
[Black "musk6868"]
[Result "0-1"]
[ICCResult "White forfeits on time"]
[WhiteElo "1937"]
[BlackElo "2053"]
[Opening "Queen's pawn: London system"]
[ECO "A45"]
[NIC "QP.07"]
[Time "16:01:35"]
[TimeControl "1500+5"]

1. d4 Nf6 2. Bf4 e6 3. e3 c5 4. Nd2 b6 5. Ngf3 cxd4 6. exd4 Bb7 7. Nc4 d6 8.
Bd3 Be7 9. O-O O-O 10. h3 b5 11. Ncd2 Qb6 12. Re1 Nbd7 13. c3 Rfe8 14. Qe2
Nd5 15. Bg3 a6 16. a4 bxa4 17. Nc4 Qc7 18. Rxa4 Bc6 19. Ra2 Bb5 20. Rea1
Rab8 21. Nfd2 N7f6 22. Rxa6 Bxa6 23. Rxa6 Ra8 24. Nxd6 Bxd6 25. Rxd6 Qb7 26.
Ne4 Ra2 27. Rxd5 Qxd5 28. Nxf6+ gxf6 29. Qg4+ Qg5 30. Qe4 f5 31. Qc6 Rea8
32. Be5 Qc1+ 33. Kh2 Qxb2 34. Bg3 Qd2 35. Qf3 Rc8 36. Bxf5 exf5 37. Qxf5
Rxc3 38. Qg5+ Qxg5 {White forfeits on time} 0-1

[Event "ICC tourney 2004 (25 5)"]
[Site "Internet Chess Club"]
[Date "2020.09.13"]
[Round "4"]
[White "TjkTiger"]
[Black "jy2020"]
[Result "1-0"]
[ICCResult "Black checkmated"]
[WhiteElo "2614"]
[BlackElo "2239"]
[Opening "English: Mikenas-Carls variation"]
[ECO "A18"]
[NIC "EO.57"]
[Time "16:01:59"]
[TimeControl "1500+5"]

1. c4 Nf6 2. Nc3 e6 3. e4 d5 4. cxd5 exd5 5. e5 Ne4 6. Nf3 Bf5 7. d3 Nxc3 8.
bxc3 c5 9. d4 Nc6 10. Bd3 Bxd3 11. Qxd3 cxd4 12. Nxd4 Nxd4 13. cxd4 Bb4+ 14.
Ke2 O-O 15. Rb1 Ba5 16. Ba3 Re8 17. Rxb7 Qc8 18. Rb5 Qg4+ 19. Kf1 Bb6 20.
Bb2 Rad8 21. h3 Qe6 22. g3 f6 23. Kg2 fxe5 24. dxe5 d4 25. Qb3 Qxb3 26. axb3
Rc8 27. Rd1 Red8 28. e6 Re8 29. Re5 Rc6 30. e7 Rc5 31. Re4 Rb5 32. Rd3 Bc5
33. Bxd4 Rb4 34. Bxc5 Rxe4 35. Rd7 a6 36. b4 Kf7 37. Ra7 Re6 38. f4 g6 39.
g4 h5 40. Kf3 hxg4+ 41. hxg4 Kf6 42. Rd7 Rc6 43. Ke4 Ke6 44. Ra7 Kf6 45. Kd5
Re6 46. Bd6 Kf7 47. Kc6 Rf6 48. Kd7 Re6 49. Kc6 Rf6 50. Rd7 Re6 51. Kb7 Rxd6
52. Rxd6 Rxe7+ 53. Kxa6 Re4 54. b5 Rxf4 55. b6 Ra4+ 56. Kb5 Ra1 57. b7 Rb1+
58. Ka6 Ra1+ 59. Kb6 Rb1+ 60. Kc7 Rc1+ 61. Rc6 Rb1 62. b8=Q Rxb8 63. Kxb8
Kg7 64. g5 Kf7 65. Kc7 Kg7 66. Rf6 Kh7 67. Kd7 Kg7 68. Ke7 Kh7 69. Kf7 Kh8
70. Rxg6 Kh7 71. Rh6# {Black checkmated} 1-0

[Event "ICC tourney 2004 (25 5)"]
[Site "Internet Chess Club"]
[Date "2020.09.13"]
[Round "5"]
[White "town"]
[Black "Drachekokosnuss"]
[Result "1/2-1/2"]
[ICCResult "Game drawn by mutual agreement"]
[WhiteElo "2152"]
[BlackElo "2104"]
[Opening "Ruy Lopez: closed, 7...O-O"]
[ECO "C88"]
[NIC "RL.17"]
[Time "17:32:15"]
[TimeControl "1500+5"]

1. e4 e5 2. Nf3 Nc6 3. Bb5 a6 4. Ba4 Nf6 5. O-O Be7 6. Re1 b5 7. Bb3 O-O 8.
h3 Bb7 9. d3 d5 10. exd5 Nxd5 11. Nxe5 Nxe5 12. Rxe5 Qd6 13. Qe2 Bf6 14. Re4
Nb6 15. Nd2 Bxe4 16. Nxe4 Qc6 {Game drawn by mutual agreement} 1/2-1/2

[Event "ICC tourney 2004 (25 5)"]
[Site "Internet Chess Club"]
[Date "2020.09.13"]
[Round "5"]
[White "Slypawn"]
[Black "Leolix"]
[Result "0-1"]
[ICCResult "White resigns"]
[WhiteElo "2109"]
[BlackElo "1971"]
[Opening "Sicilian defense"]
[ECO "B20"]
[NIC "SI.48"]
[Time "17:32:30"]
[TimeControl "1500+5"]

1. e4 c5 2. b3 Nc6 3. Bb2 e6 4. Bb5 a6 5. Bxc6 bxc6 6. Nc3 d5 7. Qe2 Be7 8.
O-O-O Nf6 9. e5 Nd7 10. f4 Nb6 11. Nf3 c4 12. g4 cxb3 13. axb3 a5 14. Nd4
Qc7 15. f5 a4 16. fxe6 fxe6 17. bxa4 Nxa4 18. Nxa4 Rxa4 19. Nb3 c5 20. Rhf1
c4 21. Nd4 Ba3 22. d3 Bxb2+ 23. Kxb2 c3+ 24. Kb1 Rxd4 {White resigns} 0-1

[Event "ICC tourney 2004 (25 5)"]
[Site "Internet Chess Club"]
[Date "2020.09.13"]
[Round "5"]
[White "Xuanli28"]
[Black "Zwish"]
[Result "1-0"]
[ICCResult "Black resigns"]
[WhiteElo "2256"]
[BlackElo "1946"]
[Opening "Sicilian: Kan, 5.Nc3"]
[ECO "B43"]
[NIC "SI.43"]
[Time "17:32:11"]
[TimeControl "1500+5"]

1. e4 c5 2. Nf3 e6 3. Nc3 a6 4. d4 cxd4 5. Nxd4 Qc7 6. Be3 Nf6 7. Bd3 b5 8.
O-O Bb7 9. a3 Be7 10. f4 d6 11. Qf3 Nbd7 12. Rad1 Rc8 13. g4 g6 14. g5 Nh5
15. f5 Ne5 16. Qh3 exf5 17. exf5 Qb8 18. f6 Bf8 19. Rde1 h6 20. Bxg6 fxg6
21. f7+ Kd8 22. gxh6 Rxc3 23. bxc3 Bc8 24. Ne6+ Bxe6 25. Qxe6 Kc7 26. Bd4
Kb7 27. Bxe5 dxe5 28. Rxe5 Bd6 29. Qd5+ Ka7 30. Re8 Bxh2+ 31. Kh1 Ng3+ 32.
Kg2 Rxe8 33. Qd7+ {Black resigns} 1-0

[Event "ICC tourney 2004 (25 5)"]
[Site "Internet Chess Club"]
[Date "2020.09.13"]
[Round "5"]
[White "OctopusYule"]
[Black "stepke"]
[Result "1-0"]
[ICCResult "Black resigns"]
[WhiteElo "1870"]
[BlackElo "1399"]
[Opening "Sicilian: Labourdonnais-Löwenthal variation"]
[ECO "B32"]
[NIC "SI.32"]
[Time "17:32:17"]
[TimeControl "1500+5"]

1. e4 c5 2. Nf3 Nc6 3. d4 cxd4 4. Nxd4 e5 5. Nb5 Bb4+ 6. c3 Bc5 7. Nd6+ Bxd6
8. Qxd6 Qe7 9. Qd1 Nf6 10. Bd3 O-O 11. Bg5 h6 12. Bh4 d6 13. Qf3 g5 14. Bg3
Bg4 15. Qe3 d5 16. h4 d4 17. Qd2 Rfd8 18. f3 dxc3 19. bxc3 Bh5 20. hxg5 Nxe4
21. fxe4 Rxd3 22. Qxd3 Rd8 23. Qxd8+ Qxd8 24. Rxh5 hxg5 25. Nd2 f6 26. Ke2
Qd7 27. Rah1 Qg4+ 28. Kf2 Ne7 29. Rh8+ Kf7 30. R1h7+ Ke6 31. Re8 Qd1 32.
Rexe7+ Kd6 33. Rd7+ Kc6 34. Rc7+ Kb5 35. Rxb7+ Ka4 36. Rxa7+ Kb5 37. Rhd7
Kc6 38. Rd3 Qg4 39. Ra6+ Kb7 40. Rxf6 {Black resigns} 1-0

[Event "ICC tourney 2004 (25 5)"]
[Site "Internet Chess Club"]
[Date "2020.09.13"]
[Round "5"]
[White "KnightHopper"]
[Black "vyomvidy"]
[Result "0-1"]
[ICCResult "White resigns"]
[WhiteElo "2026"]
[BlackElo "2321"]
[Opening "Scotch: Mieses variation"]
[ECO "C45"]
[NIC "SO.04"]
[Time "17:32:15"]
[TimeControl "1500+5"]

1. e4 e5 2. Nf3 Nc6 3. d4 exd4 4. Nxd4 Nf6 5. Nxc6 bxc6 6. e5 Qe7 7. Qe2 Nd5
8. c4 Ba6 9. Qe4 Nb4 10. g3 d5 11. cxd5 cxd5 12. Qf5 g6 13. Qg4 h5 14. Qd1
Qxe5+ 15. Be3 Bxf1 16. Kxf1 Bg7 17. Qa4+ c6 18. Qxb4 Qxb2 19. Qd6 Qb5+ 20.
Kg2 Rd8 21. Qa3 Bb2 22. Qxa7 O-O 23. a4 Qd3 24. Ra2 Qe4+ 25. f3 Qc2+ 26. Nd2
d4 27. Bg5 Rde8 28. Rf1 Re2+ 29. Rf2 Rfe8 30. Qxd4 Bxd4 31. Rxc2 Rxf2+ 32.
Kh3 Ree2 33. g4 Be5 34. f4 Re3+ {White resigns} 0-1

[Event "ICC tourney 2004 (25 5)"]
[Site "Internet Chess Club"]
[Date "2020.09.13"]
[Round "5"]
[White "jy2020"]
[Black "challenger2010"]
[Result "1-0"]
[ICCResult "Black resigns"]
[WhiteElo "2246"]
[BlackElo "1940"]
[Opening "Sicilian: dragon, Yugoslav attack, 10.O-O-O"]
[ECO "B78"]
[NIC "SI.18"]
[Time "17:32:14"]
[TimeControl "1500+5"]

1. e4 c5 2. Nf3 d6 3. d4 cxd4 4. Nxd4 Nf6 5. Nc3 g6 6. Be3 Bg7 7. f3 O-O 8.
Qd2 Nc6 9. Bc4 Bd7 10. O-O-O Qb8 11. Bb3 a5 12. Ndb5 Ne5 13. a4 Rc8 14. Qe2
h5 15. h3 Bxb5 16. Qxb5 Rxc3 17. bxc3 Qc8 18. Bd2 Ra6 19. f4 Nc6 20. Rhe1
Nd7 21. Qc4 e6 22. Be3 Nb6 23. Bxb6 Rxb6 24. Rxd6 Bf8 25. Rd2 Qc7 26. e5 Qe7
27. g4 Qa3+ 28. Kd1 hxg4 29. hxg4 Ne7 30. Qd3 Rxb3 31. cxb3 Qxb3+ 32. Qc2
Qc4 33. Rd4 Qc6 34. Qd3 Nd5 35. Rxd5 exd5 36. Ke2 Qxa4 37. Kf3 Qc6 38. Kg3
Kg7 39. f5 gxf5 40. gxf5 f6 41. e6 Bd6+ 42. Kh3 Kf8 43. Rg1 Ke7 44. Rg7+ Kd8
45. Qf3 Qc4 46. Rd7+ Ke8 47. Qh5+ {Black resigns} 1-0

[Event "ICC tourney 2004 (25 5)"]
[Site "Internet Chess Club"]
[Date "2020.09.13"]
[Round "5"]
[White "andrewjiang2"]
[Black "chesslin"]
[Result "1/2-1/2"]
[ICCResult "Game drawn by repetition"]
[WhiteElo "2066"]
[BlackElo "1954"]
[Opening "Pirc: classical system, 5.Be2"]
[ECO "B06"]
[NIC "PU.03"]
[Time "17:33:04"]
[TimeControl "1500+5"]

1. e4 g6 2. Nf3 Bg7 3. d4 d6 4. Nc3 Nf6 5. Be2 O-O 6. O-O a6 7. a4 Nc6 8.
Be3 Ng4 9. Bg5 h6 10. Bh4 g5 11. Bg3 e5 12. h3 exd4 13. Nxd4 Nxd4 14. Bxg4
Bxg4 15. hxg4 Ne6 16. Ne2 Bxb2 17. Rb1 Qf6 18. f4 gxf4 19. Nxf4 Nxf4 20.
Rxf4 Qd4+ 21. Qxd4 Bxd4+ 22. Bf2 Be5 23. Rf5 b6 24. Be3 Kg7 25. Rh5 Rh8 26.
Kf2 Rae8 27. Rbh1 Re6 28. g5 Rg6 29. g4 f6 30. gxh6+ Kh7 31. Kf3 Rhg8 32.
R1h4 Rb8 33. Rf5 b5 34. axb5 Rxb5 35. g5 a5 36. Rg4 c6 37. gxf6 Rxf6 38.
Rg7+ Kh8 39. Rxf6 Bxf6 40. Rf7 Be5 41. Kg4 Bc3 42. Rd7 d5 43. Kf5 dxe4+ 44.
Kg6 Rd5 45. Rc7 Rd6+ 46. Kh5 a4 47. Rc8+ Kh7 48. Rc7+ Kg8 49. Rc8+ Kh7 50.
Rc7+ Kg8 51. Rc8+ Kh7 52. Rc7+ Kg8 53. Rc8+ Kh7 54. Rc7+ Kg8 55. Rc8+ Kh7
56. Rc7+ {Game drawn by repetition} 1/2-1/2

[Event "ICC tourney 2004 (25 5)"]
[Site "Internet Chess Club"]
[Date "2020.09.13"]
[Round "5"]
[White "BreatheChessAls"]
[Black "Almanac2050"]
[Result "0-1"]
[ICCResult "White checkmated"]
[WhiteElo "1913"]
[BlackElo "1628"]
[Opening "Queen's pawn, Mason variation"]
[ECO "D00"]
[NIC "QP.08"]
[Time "17:32:09"]
[TimeControl "1500+5"]

1. d4 d5 2. Bf4 Nf6 3. e3 e6 4. Nd2 c5 5. c3 Nc6 6. Ngf3 Be7 7. h3 a6 8. Bd3
b5 9. O-O O-O 10. Ne5 Bb7 11. Nxc6 Bxc6 12. Nf3 Nd7 13. Ne5 Nxe5 14. Bxe5 f6
15. Bh2 Qe8 16. Bc2 c4 17. Re1 f5 18. Be5 b4 19. Qf3 bxc3 20. bxc3 Bd8 21.
Rec1 Ba5 22. Bd1 Qg6 23. h4 Ra7 24. h5 Qf7 25. Rab1 Rb7 26. Qg3 Rd8 27. Rxb7
Qxb7 28. Rb1 Qf7 29. Bc2 Bb5 30. Qf3 Be8 31. Qg3 Bc6 32. Qf3 Qa7 33. g4 Qf7
34. gxf5 exf5 35. Bxf5 g6 36. hxg6 hxg6 37. Bg4 Qxf3 38. Bxf3 Rd7 39. Bg4
Rb7 40. Rc1 Rb2 41. Kg2 Kf7 42. Rh1 Bxc3 43. Rh7+ Ke8 44. Bd6 Rb7 45. Rh8+
Kf7 46. Rf8+ Kg7 47. Rf4 Rf7 48. Be5+ Kf8 49. Bf6 Bb4 50. Bd1 Bd7 51. Be5
Rxf4 52. Bxf4 Bf5 53. Bf3 Be4 54. Bxe4 dxe4 55. d5 c3 56. Be5 c2 57. Bb2 Ke7
58. Bc1 Kd6 59. f3 Kxd5 60. fxe4+ Kxe4 61. Kg3 Kd3 62. Kf3 Bd2 63. Bb2 Bxe3
64. Kg4 c1=Q 65. Bxc1 Bxc1 66. a4 Kc4 67. Kf3 Kb4 68. Ke4 Kxa4 69. Kd3 Kb3
70. Ke2 a5 71. Kd1 a4 72. Kxc1 g5 73. Kd2 g4 74. Ke3 a3 75. Kf4 a2 76. Kxg4
a1=Q 77. Kf5 Qa7 78. Kf4 Qe7 79. Kf5 Kc4 80. Kf4 Qe6 81. Kf3 Qe5 82. Kf2 Qe4
83. Kf1 Qe3 84. Kg2 Qf4 85. Kg1 Qf3 86. Kh2 Qg4 87. Kh1 Kd3 88. Kh2 Ke2 89.
Kh1 Kf2 90. Kh2 Qh4# {White checkmated} 0-1

[Event "ICC tourney 2004 (25 5)"]
[Site "Internet Chess Club"]
[Date "2020.09.13"]
[Round "5"]
[White "chessrex"]
[Black "drberkley"]
[Result "1-0"]
[ICCResult "Black resigns"]
[WhiteElo "2006"]
[BlackElo "1902"]
[Opening "Paleface attack"]
[ECO "A45"]
[NIC "QP.07"]
[Time "17:32:10"]
[TimeControl "1500+5"]

1. d4 Nf6 2. f3 g6 3. e4 d6 4. Be3 Bg7 5. Qd2 c6 6. Nc3 b5 7. Bh6 Bxh6 8.
Qxh6 Nbd7 9. Bd3 e5 10. Nge2 Qe7 11. O-O Bb7 12. a3 exd4 13. Nxd4 a6 14. Be2
c5 15. Nb3 O-O-O 16. Rad1 Rdg8 17. Qd2 Kc7 18. Bxb5 Rd8 19. Bc4 Ne5 20. Nd5+
Nxd5 21. Bxd5 Nc6 22. Na5 Nxa5 23. Qxa5+ Kb8 24. Rd3 Bxd5 25. Rxd5 Qb7 26.
Qc3 Rhe8 27. Rfd1 Qb6 28. Kh1 Qb5 29. Qd3 Qxd3 30. R5xd3 Kc7 31. Kg1 Re6 32.
Kf2 Rb8 33. b3 a5 34. Rd5 a4 35. R1d3 axb3 36. cxb3 Ra8 37. a4 Ra6 38. g3
Re8 39. Rc3 Rb6 40. g4 f6 41. Ke3 Reb8 42. Rdd3 Rb4 43. Kd2 Re8 44. Kc2 f5
45. gxf5 gxf5 46. exf5 Rf4 47. Rd2 Rxf5 48. b4 Ra8 49. bxc5 dxc5 50. Rd4 Rh5
51. h4 Re8 52. Rf4 Re2+ 53. Kb3 Rh2 54. Rcc4 Rh1 55. Rce4 Rb1+ 56. Kc2 Ra1
57. Re6 Rd5 58. Rf7+ Rd7 59. Rxd7+ Kxd7 60. Ra6 Ra3 61. Ra7+ Kc6 62. Rxh7
Rxa4 63. h5 Ra3 64. Rf7 Ra2+ 65. Kd3 Rh2 66. Rh7 Kd5 67. h6 Rh3 68. Ke3 c4
69. Kf4 c3 70. Rc7 Rxh6 71. Rxc3 Rf6+ 72. Kg5 Rf8 73. Rd3+ Ke5 74. Re3+ Kd4
75. Re4+ Kd5 76. Rf4 Rg8+ 77. Kh4 Ke5 78. Rg4 Rf8 79. Kg3 Rc8 80. Rg7 Rc1
81. Re7+ Kf6 82. Re4 Rg1+ 83. Kf4 Rf1 84. Ra4 Rh1 85. Ra6+ Kf7 86. Kf5 Rh5+
87. Kg4 Rc5 88. f4 Rc4 89. Kg5 Rc1 90. Ra5 Rg1+ 91. Kf5 Rf1 92. Ra7+ Kf8 93.
Kg5 Rg1+ 94. Kf6 Ke8 95. f5 Kd8 96. Kf7 Rh1 97. Ra8+ Kd7 98. f6 Rh7+ 99. Kg6
Rh1 100. Ra5 Rg1+ 101. Kf7 Rh1 102. Rd5+ Kc6 103. Rd2 Rf1 104. Ke7 Re1+ 105.
Kf8 Rf1 106. f7 Rf2 107. Rxf2 {Black resigns} 1-0

[Event "ICC tourney 2004 (25 5)"]
[Site "Internet Chess Club"]
[Date "2020.09.13"]
[Round "5"]
[White "clair"]
[Black "MrNormalName"]
[Result "0-1"]
[ICCResult "White checkmated"]
[WhiteElo "1716"]
[BlackElo "2201"]
[Opening "Queen's pawn: London system"]
[ECO "A45"]
[NIC "QP.07"]
[Time "17:37:51"]
[TimeControl "1500+5"]

1. d4 Nf6 2. Bf4 d5 3. e3 c5 4. c3 Nc6 5. Nd2 e6 6. Ngf3 Bd6 7. Ne5 Bxe5 8.
dxe5 Nd7 9. Nf3 f6 10. exf6 Nxf6 11. Ne5 Nxe5 12. Bxe5 O-O 13. Bd3 b6 14.
O-O Bb7 15. h3 Rc8 16. Be2 Qe7 17. Bf3 Kh8 18. Re1 Nd7 19. Bg3 Rcd8 20. Qa4
a6 21. e4 b5 22. Qa5 d4 23. cxd4 cxd4 24. Qc7 Ba8 25. Bd6 Qg5 26. Bxf8 Nxf8
27. Rac1 Ng6 28. Qg3 Qd2 29. Red1 Qxb2 30. Qc7 Rf8 31. Rc2 Qb4 32. Qc5 Qxc5
33. Rxc5 e5 34. Rdc1 Kg8 35. Rc8 Ne7 36. Rxf8+ Kxf8 37. Rc7 b4 38. Ra7 Bc6
39. Rxa6 Bb5 40. Ra5 Bc4 41. Bd1 d3 42. f3 Ng6 43. g3 h5 44. h4 Kf7 45. Kf2
Nf8 46. Bb3 Bxb3 47. axb3 Ne6 48. Rxe5 Nd4 49. Ke3 d2 50. Kxd4 d1=Q+ 51. Kc4
Qd2 52. Rxh5 Qc3+ 53. Kd5 Qxb3+ 54. Ke5 Qc3+ 55. Kf4 Qc1+ 56. Kg4 b3 57.
Rf5+ Ke6 58. Rg5 b2 59. Rxg7 b1=Q 60. Rg6+ Kf7 61. h5 Qc8+ 62. Kg5 Qb5+ 63.
Kf4 Qxh5 64. Rg4 Qc1# {White checkmated} 0-1